 Dungeon Crawl Stone Soup version 0.28.0-45-g0d030f2227 (webtiles) character file.

Game seed: 1390556195208100358

229 zeratav the Insei (level 6, 0/39 HPs)
             Began as an Octopode Transmuter on Apr 7, 2022.
             Succumbed to a kobold brigand's curare-tipped dart
             ... in a sewer.
             The game lasted 00:12:04 (5116 turns).

zeratav the Insei (Octopode Transmuter)             Turns: 5116, Time: 00:12:05

Health: 0/39       AC:  1    Str: 11    XL:     6   Next: 3%
Magic:  9/9        EV: 13    Int: 15    God:
Gold:   174        SH:  0    Dex: 13    Spells: 8/9 levels left

rFire   . . .      SeeInvis .   l - +3 trident (vorpal) {polearm}
rCold   . . .      Faith    .   (no shield)
rNeg    . . .      Spirit   .   (helmet restricted)
rPois   .          Reflect  .   (no amulet)
rElec   .          Harm     .   (no ring)
rCorr   .          Rampage  .   (no ring)
Will    .....                   (no ring)
Stlth   ++++......              (no ring)
HPRegen 0.13/turn               (no ring)
MPRegen 0.11/turn               (no ring)
                                (no ring)
                                (no ring)

@: lethally poisoned (0 -> -2), slowed, very slow
A: almost no armour, amphibious, 8 rings, camouflage 1, gelatinous body 1,
nimble swimmer 1, tentacles
a: no special abilities


You were in a sewer.
You visited 1 branch of the dungeon, and saw 4 of its levels.
You also visited: Sewer.

You collected 174 gold pieces.


Innate Abilities, Weirdness & Mutations

You cannot wear most types of armour.
You are amphibious.
You can wear up to eight rings at the same time.
Your skin changes colour to match your surroundings (Stealth+).
Your rubbery body absorbs attacks. (AC +1, EV +1)
You are camouflaged when in or above water. (Stealth+)
You have tentacles for arms and can constrict up to eight enemies at once.


   Skills:
 + Level 2.0 Fighting
 + Level 2.8 Dodging
 + Level 2.7 Stealth
 * Level 5.4 Unarmed Combat
 - Level 2.0 Spellcasting
 - Level 2.0 Transmutations


You had 8 spell levels left.
You knew the following spells:

 Your Spells              Type           Power      Damage    Failure   Level
a - Beastly Appendage     Tmut           14%        N/A       10%         1

Your spell library contained the following spells:

 Spells                   Type           Power      Damage    Failure   Level
 Wereblood                Tmut           7%         N/A       14%         2
 Shock                    Conj/Air       4%         1d3       22%         1
 Summon Small Mammal      Summ           4%         N/A       22%         1
 Spider Form              Tmut/Pois      4%         N/A       41%         3
 Call Canine Familiar     Summ           1%         N/A       54%         3
 Summon Guardian Golem    Hex/Summ       1%         N/A       54%         3
 Swiftness                Air            1%         N/A       54%         3
 Ice Form                 Ice/Tmut       4%         N/A       82%         4
 Airstrike                Air            0%         N/A       91%         4

Inventory:

Hand Weapons
 l - a +3 vorpal trident (weapon) {polearm}
   (You took it off Terence on level 3 of the Dungeon)
Missiles
 c - 3 javelins {throwing}
Armour
 m - a +0 scale mail
   (You took it off Terence on level 3 of the Dungeon)
Scrolls
 a - 2 scrolls of blinking {unknown}
 d - a scroll of amnesia {unknown}
 f - 2 scrolls of identify {unknown}
 g - 2 scrolls of magic mapping {unknown}
 h - 2 scrolls of teleportation {unknown}
 i - a scroll of acquirement {unknown}
 j - 2 scrolls of fog {unknown}
Potions
 b - 3 potions of curing {unknown}
 e - 2 potions of invisibility {unknown}
 k - a potion of berserk rage {unknown}
 n - a potion of heal wounds {unknown}
 o - a potion of mutation {unknown}
 p - a potion of might {unknown}

Dungeon Overview and Level Annotations

Branches:
Dungeon (4/15)              Sewer (1/1)
 Temple: D:4-7

Altars:

#.....P≈P≈≈≈≈#P........#
#†....≈≈≈≈≈≈≈#........##
####..≈≈≈≈≈≈≈#P......P#
#....≈≈≈≈≈≈≈#P≈......#
#.....P≈#≈≈≈#≈≈......##
#.....≈P#≈≈≈#P≈.......#
###...≈≈#≈≈≈≈≈≈≈...†P##
##..≈P#≈≈≈#≈≈≈.....#
##....#≈@≈#P≈≈..†.##
#.....#≈)≈#≈......#
#.....#≈≈≈#P...P..#
#..≈≈P#≈≈≈#.......#
#P..≈≈#≈≈≈#≈.≈...##
#..≈≈K#≈≈≈#≈≈≈...#
#..≈K≈K≈≈≈#≈≈..###
###K'##≈≈≈##''##
#..)!#≈≈≈#....#


You could see a kobold brigand.


Message History

You hit the bat.
You kill the bat!
No target in view!
No target in view!
No target in view!
No target in view!
No target in view!
No target in view!
No target in view!
No target in view!
No target in view!
MP[+1]
Your mp is fully restored (9).
Your tentacle spike disappears.
One of your tentacles grows a vicious spike.
MP[-1]
You lost 1 mp, and now have 8/9 mp.
You open the large door.
Found a sedimented amethyst potion.
Found a gate leading back out of this place.
Your transformation is almost over.
There is a large open door here.
p - a sedimented amethyst potion Your tentacle spike disappears.
MP[+1]
Your mp is fully restored (9).
There is a large open door here.
You open the large door. 2 kobold brigands and 3 kobolds come into view.
A kobold brigand is wielding a +0 short sword and quivering poisoned darts.
A kobold brigand is wielding a +0 club and quivering curare-tipped darts.
Found a long sword, a dark potion and 2 sedimented amethyst potions.
Found a gate leading back out of this place.
You close the large door.
One of your tentacles grows a vicious spike.
MP[-1]
You lost 1 mp, and now have 8/9 mp.
You open the large door.
You close the large door.
Your transformation is almost over.
You open the large door.
The kobold shouts!
The kobold brigand shouts!
The kobold shouts!
The kobold barely misses you.
MP[+1]
Your mp is fully restored (9).
The kobold brigand throws a curare-tipped dart.
The curare-tipped dart completely misses you.
The kobold brigand throws a curare-tipped dart.
The curare-tipped dart hits you.
You are poisoned.
You have difficulty breathing.
You feel yourself slow down.
HP[-3]
You take 3 damage, and now have 36/39 hp.
You feel very sick.
HP[-4]
You take 4 damage, and now have 32/39 hp.
Your tentacle spike disappears.
You feel very sick.
HP[-3]
You take 3 damage, and now have 29/39 hp.
You feel very sick.
HP[-3]
You take 3 damage, and now have 26/39 hp.
You feel sick.
HP[-1]
You take 1 damage, and now have 25/39 hp.
You feel sick.
You hear a splashing noise.
HP[-2]
You take 2 damage, and now have 23/39 hp.
You feel sick.
You hear a splashing noise.
You feel sick.
You are no longer poisoned.
The kobold brigand throws a curare-tipped dart.
The curare-tipped dart hits you.
You are poisoned.
You have difficulty breathing.
* * * LOW HITPOINT WARNING * * *
You feel as though you will be slow longer.
HP[-4]
You take 4 damage, and now have 19/39 hp.
You puncture the kobold brigand! Your grab misses the kobold brigand.
You feel very sick.
The kobold brigand hits you with a +0 club!
* * * LOW HITPOINT WARNING * * *
HP[-11]
You take 11 damage, and now have 8/39 hp.
MASSIVE DAMAGE!! (PAUSE)
You puncture the kobold brigand! You grab the kobold brigand.
You constrict the kobold brigand.
You feel sick. The kobold brigand closely misses you.
The kobold brigand hits you with a +0 club.
* * * LOW HITPOINT WARNING * * *
HP[-7]
You take 7 damage, and now have 1/39 hp.
You puncture the kobold brigand!
You kill the kobold brigand!
You hear a splash. x2
You die...

Skill      XL: |  1  2  3  4  5 |
---------------+----------------+-----
Unarmed Combat | 4 5 |  5.4
Stealth        | 1 2 |  2.7
Fighting       | 2 |  2.0
Dodging        | |  2.8
Spellcasting   | |  2.0
Transmutations | |  2.0

Action                   |  1- 3 |  4- 6 || total
-------------------------+-------+-------++-------
Melee: Spear             |   107 |     7 ||   114
       Tentacles         |    19 |    13 ||    32
       Constrict         |    18 |    27 ||    45
       Punch             |     2 |     2 ||     4
       Kick              |     5 |    13 ||    18
       Trident           |       |    87 ||    87
 Cast: Beastly Appendage |     4 |    15 ||    19
 Stab: Sleeping          |    13 |    11 ||    24
Armor: Skin              |    11 |     4 ||    15
Dodge: Dodged            |    56 |    63 ||   119

Levels and vault maps discovered:
D:1:      scummos_arrival_forest, layout_basic
D:2:      layout_loops_cross
D:3:      layout_basic, shapermc_ecumenical_altar_mp_urbaneastern, uniq_terence
D:4:      layout_cave_pools, gup_sewer_entry_pipe
Sewer:    kennysheep_pipe_town

Notes
Turn   | Place    | Note
-------+----------+-------------------------------------------
     0 | D:1      | zeratav the Octopode Transmuter began the quest for the
                  | Orb.
     0 | D:1      | Reached XP level 1. HP: 13/13 MP: 3/3
     0 | D:1      | magus.rc [v1.9.6]
    79 | D:1      | You pick up a book of Callings and begin reading...
    79 | D:1      | You add the spells Summon Small Mammal, Call Canine
                  | Familiar and Summon Guardian Golem to your library.
   197 | D:1      | You pick up a book of Callings and begin reading...
   228 | D:1      | Reached XP level 2. HP: 18/18 MP: 5/5
   640 | D:1      | magus.rc [v1.9.6]
   724 | D:1      | Reached skill level 4 in Unarmed Combat
   864 | D:2      | Reached XP level 3. HP: 7/23 MP: 6/6
  1396 | D:2      | magus.rc [v1.9.6]
  1662 | D:2      | magus.rc [v1.9.6]
  1662 | D:2      | magus.rc [v1.9.6]
  1682 | D:2      | magus.rc [v1.9.6]
  2138 | D:3      | Reached XP level 4. HP: 27/28 MP: 5/7
  2171 | D:3      | Noticed Terence
  2183 | D:3      | HP: 5/28 [Terence/+3 vorpal trident (7)]
  2187 | D:3      | Killed Terence
  2188 | D:3      | Reached skill level 1 in Stealth
  2475 | D:3      | You pick up a book of Air and begin reading...
  2475 | D:3      | You add the spells Shock, Swiftness and Airstrike to your
                  | library.
  2973 | D:3      | HP: 6/28 [gnoll/+0 halberd (12)]
  3700 | D:3      | HP: 4/28 [gnoll/+0 spear (7)]
  3701 | D:3      | Reached skill level 5 in Unarmed Combat
  3701 | D:3      | Reached XP level 5. HP: 4/33 MP: 6/8
  3708 | D:3      | HP: 3/33 [goblin/+0 club (2)]
  4349 | D:4      | Reached skill level 2 in Fighting
  4349 | D:4      | Reached skill level 2 in Stealth
  4353 | D:3      | HP: 8/34 [poisoned by a scorpion]
  4632 | D:4      | Found a glowing drain.
  4781 | Sewer    | Entered a sewer
  4948 | Sewer    | Reached XP level 6. HP: 37/39 MP: 9/9
  5114 | Sewer    | HP: 8/39 [kobold brigand/+0 club (8)]
  5115 | Sewer    | HP: 1/39 [kobold brigand/+0 club (5)]
  5116 | Sewer    | Succumbed to a kobold brigand's curare-tipped dart

Vanquished Creatures
  A kobold brigand (Sewer)
  A scorpion (D:4)
  Terence (D:3)
  4 gnolls (D:3)
  An adder (D:2)
  A worm (D:2)
  7 endoplasms
  6 giant cockroaches
  4 goblins
  7 hobgoblins
  3 jackals (D:2)
  6 quokkas
  11 ball pythons
  13 bats
  3 frilled lizards
  15 kobolds
  6 rats
90 creatures vanquished.

Vanquished Creatures (others)
  5 plants (Sewer)
5 creatures vanquished.

Grand Total: 95 creatures vanquished

Table legend:
 A = Non-vault XP
 B = Vault XP
 C = Vault XP percentage of total XP
 D = Non-vault monster count
 E = Vault monster count
 F = Vault count percentage of total count
                 A         B        C        D         E       F
            +---------+---------+-------+---------+---------+-------
      Total |     258 |     170 |  39.7 |      66 |      24 |  26.7
            +---------+---------+-------+---------+---------+-------
        D:1 |      29 |       0 |   0.0 |      17 |       0 |   0.0
        D:2 |      49 |       0 |   0.0 |      21 |       0 |   0.0
        D:3 |      86 |      36 |  29.5 |      23 |       1 |   4.2
        D:4 |      94 |      10 |   9.6 |       5 |       5 |  50.0
      Sewer |       0 |     124 | 100.0 |       0 |      18 | 100.0
            +---------+---------+-------+---------+---------+-------

Illustrated notes

Table legend:
 A = Kills in this place as a percentage of kills in entire the game.
 B = Kills by you in this place as a percentage of kills by you in the entire game.
 C = Kills by friends in this place as a percentage of kills by friends in the entire game.
 D = Other kills in this place as a percentage of other kills in the entire game.
 E = Experience gained in this place as a percentage of experience gained in the entire game.
 F = Experience gained in this place divided by the number of levels of this place that you have seen.
                   A       B       C       D       E      F
               +-------+-------+-------+-------+-------+----------------------
         Total | 100.0 | 100.0 |   N/A |   N/A | 100.0 |  85.6
       Dungeon |  80.0 |  80.0 |   N/A |   N/A |  71.0 |  76.0
         Sewer |  20.0 |  20.0 |   N/A |   N/A |  29.0 | 124.0
               +-------+-------+-------+-------+-------+----------------------

Table legend: (Time is in decaauts)
 A = Elapsed time spent in this place.
 B = Non-inter-level travel time spent in this place.
 C = Inter-level travel time spent in this place.
 D = Time resting spent in this place.
 E = Time spent auto-exploring this place.
 F = Levels seen in this place.
 G = Mean time per level.
                   A        B        C        D        E       F      G
               +--------+--------+--------+--------+--------+-----+--------+
         Total |   5159 |   4960 |    199 |   2477 |   1310 |   5 | 1031.8 |
       Dungeon |   4811 |   4612 |    199 |   2407 |   1237 |   4 | 1202.8 |
         Sewer |    347 |    347 |      0 |     70 |     73 |   1 |  347.0 |
               +--------+--------+--------+--------+--------+-----+--------+

Top non-repeatable levels by time:
     D:3: 2021 daAuts
     D:2: 1737 daAuts
     D:1: 844 daAuts
   Sewer: 347 daAuts
     D:4: 207 daAuts
